 Dungeon Crawl Stone Soup version 0.31-a0-210-gccc998df9b (webtiles) character file.

Game seed: 18263002444496456483

241 AvylaarBelgium the Chiller (level 5, -2/25 (28) HPs)
             Began as a Deep Elf Ice Elementalist on June 30, 2023.
             Succumbed to their own dark miasma
             ... on level 4 of the Dungeon.
             The game lasted 00:05:47 (2249 turns).

AvylaarBelgium the Chiller (DEIE)                   Turns: 2249, Time: 00:05:48

HP:   -2/25 (28)    AC:  5    Str:  3    XL:     5   Next: 80%
MP:   10/15         EV: 12    Int: 22    God:
Gold: 167           SH:  0    Dex: 15    Spells: 3/16 levels left

rFire   . . .        q - +0 dagger (protect)
rCold   . . .        o - orb {light}
rNeg    . . .        a - +0 robe
rPois   .            x - +0 helmet
rElec   .            z - +0 cloak
rCorr   .            (no gloves)
SInv    .            g - +0 pair of boots
Will    +....        d - amulet of magic regeneration
Stlth   +            (no ring)
HPRegen 0.24/turn    (no ring)
MPRegen 0.54/turn

%: no passive effects
@: lethally poisoned (-2 -> -13), enlightened, flying, glowing, heavily drained
A: weak 1
a: no special abilities


You were on level 4 of the Dungeon.
You visited 1 branch of the dungeon, and saw 4 of its levels.

You collected 167 gold pieces.

Inventory:

Hand Weapons
 e - a +0 short sword
 q - a +0 dagger of protection (weapon)
 w - a +0 arbalest
 y - a +3 quarterstaff of chaos
 A - a +2 hammer of holy wrath
Armour
 a - a +0 robe (worn)
 g - a +0 pair of boots (worn)
 o - an orb of light (worn)
 x - a +0 helmet (worn)
 z - a +0 cloak (worn)
Jewellery
 d - an amulet of magic regeneration (around neck)
 p - an amulet of reflection
Wands
 s - a wand of flame (33)
Scrolls
 h - a scroll of enchant weapon {unknown}
 i - 2 scrolls of silence {unknown}
 j - a scroll of fog {unknown}
 l - a scroll of poison {unknown}
 m - a scroll of butterflies {unknown}
 n - 3 scrolls of identify {unknown}
 t - a scroll of enchant armour {unknown}
 v - a scroll of blinking {unknown}
Potions
 b - 2 potions of magic
 k - a potion of cancellation {unknown}
 r - a potion of curing {unknown}
 u - a potion of attraction {unknown}


   Skills:
 - Level 2.4 Dodging
 - Level 2.4 Stealth
 + Level 6.1 Spellcasting
 + Level 6.3 Ice Magic


You had 3 spell levels left.
You knew the following spells:

 Your Spells              Type           Power      Damage    Failure   Level
a - Freeze                Ice            100%       1d10      1%          1
b - Frozen Ramparts       Ice            68%        1d11      1%          3
c - Ozocubu's Armour      Ice            34%        N/A       1%          3
d - Summon Ice Beast      Ice/Summ       20%        N/A       24%         4
e - Cigotuvi's Dreadful   Necr/Pois/Air  12%        N/A       14%         2

Your spell library contained the following spells:

 Spells                   Type           Power      Damage    Failure   Level
 Kiss of Death            Conj/Necr      24%        2d7       9%          1
 Confusing Touch          Hex            6%         N/A       26%         3
 Ignite Poison            Fire/Tmut/Pois 6%         N/A       26%         3
 Dispel Undead            Necr           6%         3d8       65%         4
 Freezing Cloud           Conj/Ice/Air   8%         6-21      71%         5


Dungeon Overview and Level Annotations

Branches:
Dungeon (4/15)
 Temple: D:4-7

Altars:
Makhleb


Innate Abilities, Weirdness & Mutations

You are weak. (Str -2)


Message History

You freeze the goblin!
You kill the goblin!
You can't see any susceptible monsters within range! (Use Z to cast anyway.)
Your frozen ramparts will break if you move.
Continue? [Y]es or [N]o only, please.
Your frozen ramparts will break if you move.
Continue?
Okay, then.
Unknown command.
Casting: Freeze (safe; 1% risk of failure)
Confirm with . or Enter, or press ? or * to list all spells.
You don't know that spell.
Unknown command.
Casting: Freeze (safe; 1% risk of failure)
Confirm with . or Enter, or press ? or * to list all spells.
A part of your flesh rots into a cloud of miasma!
You feel drained.
Unknown command.
Casting: Cigotuvi's Dreadful Rot (safe; 14% risk of failure)
Confirm with . or Enter, or press ? or * to list all spells.
A film of ice covers your body!
You are engulfed in dark miasma.
You are lethally poisoned!
You feel very sick.
Unknown command.
Your icy armour and frozen ramparts will break if you move.
Continue?
Your icy armour cracks and falls away as you move.
The frozen ramparts melt away as you move.
* * * LOW HITPOINT WARNING * * *
You feel very sick.
Unknown command.
Unknown command.
It was a potion of mutation.
You feel extremely strange.
You feel weaker.
* * * LOW HITPOINT WARNING * * *
You feel very sick. The scorpion barely misses you.
Unknown command.
It was a potion of enlightenment.
You feel very buoyant.
You fly up into the air.
You die...

#.#.##.##..#.#......# #
#.##.##....#......#
#.###.##+###.(.#......#
#..........###.###+#...
....####.....+.........##
.. #.....###.##....#
#.....# #.##....# #.....#
#.##...)# #@....#
#.##....# #.s..|#
#.##....# #).....#
#.##....# .)......#
#.##....# #.#..#....#
#.##....# # ##.#....#
###### .........
.......)... #.. .......


You could see a scorpion.

Vanquished Creatures
  An iguana (D:3)
  Robin (D:3)
  6 adders
  5 dart slugs
  An orc (D:4)
  8 ball pythons
  10 endoplasms
  3 giant cockroaches
  22 goblins
  17 hobgoblins
  6 jackals (D:3)
  3 quokkas
  2 bats (D:1)
  4 frilled lizards
  7 kobolds
  7 rats
103 creatures vanquished.

Vanquished Creatures (collateral kills)
  Crazy Yiuf (D:3)
1 creature vanquished.

Grand Total: 104 creatures vanquished

Notes
Turn   | Place    | Note
-------+----------+-------------------------------------------
     0 | D:1      | AvylaarBelgium the Deep Elf Ice Elementalist began the
                  | quest for the Orb.
     0 | D:1      | Reached XP level 1. HP: 10/10 MP: 6/6
   116 | D:1      | Reached XP level 2. HP: 15/15 MP: 3/8
   366 | D:1      | Reached skill level 5 in Ice Magic
   366 | D:1      | Reached XP level 3. HP: 14/19 MP: 8/10
   499 | D:1      | Learned a level 3 spell: Frozen Ramparts
   907 | D:2      | Reached XP level 4. HP: 22/24 MP: 9/12
  1077 | D:2      | Reached skill level 5 in Spellcasting
  1437 | D:3      | Learned a level 3 spell: Ozocubu's Armour
  1442 | D:3      | Learned a level 4 spell: Summon Ice Beast
  1445 | D:3      | Learned a level 2 spell: Cigotuvi's Dreadful Rot
  1673 | D:3      | Reached XP level 5. HP: 28/28 MP: 12/14
  1847 | D:3      | Found a burning altar of Makhleb.
  1997 | D:3      | Noticed Robin
  2013 | D:3      | Killed Robin
  2033 | D:3      | Found a runed translucent door.
  2034 | D:3      | Noticed Crazy Yiuf
  2047 | D:3      | Killed Crazy Yiuf
  2248 | D:4      | Gained mutation: You are weak. (Str -2) [potion of
                  | mutation]
  2248 | D:4      | HP: 1/25 [poisoned by you (dark miasma)]
  2249 | D:4      | Succumbed to their own dark miasma

Illustrated notes

Levels and vault maps discovered:
D:1:      wander_arrival_desolate, layout_basic, serial_park_tiny_pond
D:2:      layout_basic, kennysheep_generic_room_16
D:3:      layout_loops_cross, mainiacjoe_overflow_six_doors_small,
          chequers_mini_garden, minmay_mini_jars, uniq_robin,
          uniq_crazy_yiuf_cottage
D:4:      layout_basic, minivault_4, minmay_between

Skill      XL: |  1  2  3  4  5 |
---------------+----------------+-----
Spellcasting   | 4 5 6 |  6.1
Ice Magic      | 5 6 |  6.3
Dodging        | |  2.4
Stealth        | |  2.4

Action                     |  1- 3 |  4- 6 || total
---------------------------+-------+-------++-------
  Melee: Unarmed           |     3 |       ||     3
         Short sword       |    14 |     4 ||    18
         Dagger            |       |     8 ||     8
   Cast: Freeze            |    48 |    52 ||   100
         Frozen Ramparts   |     3 |     9 ||    12
         Cigotuvi's Dreadf |       |     2 ||     2
         Summon Ice Beast  |       |     1 ||     1
         Ozocubu's Armour  |       |     1 ||     1
    Use: Potion            |       |     2 ||     2
   Stab: Sleeping          |       |     1 ||     1
 Armour: Robe              |     8 |    13 ||    21
  Dodge: Dodged            |    31 |    36 ||    67

Table legend: (Time is in decaauts)
 A = Elapsed time spent in this place.
 B = Non-inter-level travel time spent in this place.
 C = Inter-level travel time spent in this place.
 D = Time resting spent in this place.
 E = Time spent auto-exploring this place.
 F = Levels seen in this place.
 G = Mean time per level.
                   A        B        C        D        E       F      G
               +--------+--------+--------+--------+--------+-----+--------+
         Total |   2247 |   2077 |    170 |     42 |   1453 |   4 |  561.8 |
       Dungeon |   2247 |   2077 |    170 |     42 |   1453 |   4 |  561.8 |
               +--------+--------+--------+--------+--------+-----+--------+

Top non-repeatable levels by time:
     D:1: 815 daAuts
     D:3: 765 daAuts
     D:2: 615 daAuts
     D:4: 50 daAuts
